 Dungeon Crawl Stone Soup version 0.25-a0-294-gea9b1ad378 (webtiles) character file.

Game seed: 3910495224244706009, levelgen mode: deterministic

14709 xox the Archer (level 11, 0/89 HPs)
             Began as a Centaur Arcane Marksman on Dec 19, 2019.
             Was an Elder of Okawaru.
             Slain by a cyan ugly thing (12 damage)
             ... on level 12 of the Dungeon.
             The game lasted 00:59:26 (21020 turns).

xox the Archer (Centaur Arcane Marksman)           Turns: 21020, Time: 00:59:27

Health: 0/89       AC: 24    Str: 15    XL:     11   Next: 92%
Magic:  24/24      EV:  5    Int: 17    God:    Okawaru [****..]
Gold:   566        SH:  0    Dex: 11    Spells: 11/12 levels left

rFire    . . .     SeeInvis +   b - +2 halberd (flame)
rCold    . . .     Gourm    .   (shield currently unavailable)
rNeg     + . .     Faith    .   L - +0 chain mail
rPois    .         Spirit   .   v - +3 hat of Pondering {ponderous, MR+ MP+10 Int+5}
rElec    .         Reflect  .   m - +0 cloak
rCorr    .         Harm     .   I - +0 pair of gloves {archery}
MR       +....                  A - +0 centaur barding
Stlth    ..........             x - amulet of magic regeneration
HPRegen  0.24/turn              y - ring of positive energy
MPRegen  0.44/turn              C - ring of see invisible

@: heroism, quick
A: large, hooves 3, deformed body, speed 2, tough skin 3
a: Heroism, Renounce Religion


You were on level 12 of the Dungeon.
You worshipped Okawaru.
Okawaru was greatly pleased with you.
You were not hungry.

You visited 2 branches of the dungeon, and saw 13 of its levels.

You collected 696 gold pieces.
You spent 130 gold pieces at shops.

Inventory:

Hand Weapons
 a - a +0 shortbow
 b - a +2 halberd of flaming (weapon)
 Q - a +2 halberd of freezing
 R - a +0 trident
Missiles
 d - 152 arrows
 l - 369 stones
 u - 4 boomerangs (quivered)
 z - 3 poisoned darts
 P - 8 javelins
Armour
 m - a +0 cloak (worn)
 s - a scarf of resistance
 v - the +3 hat of Pondering (worn) {ponderous, MR+ MP+10 Int+5}
   (You took it off Gastronok on level 8 of the Dungeon)

   It affects your intelligence (+5).
   It affects your resistance to hostile enchantments.
   It affects your magic capacity (+10).
 A - a +0 centaur barding (worn)
 G - a +0 helmet
 I - a +0 pair of gloves of archery (worn)
 L - a +0 chain mail (worn)
Jewellery
 x - an amulet of magic regeneration (around neck)
 y - a ring of positive energy (left hand)
 C - a ring of see invisible (right hand)
 H - an uncursed ring of magical power
Wands
 k - a wand of flame (37)
Scrolls
 c - 2 scrolls of amnesia
 e - 2 scrolls of enchant weapon
 h - 2 scrolls of teleportation {unknown}
 i - 3 scrolls of fear
 p - 6 scrolls of remove curse
 q - 4 scrolls of immolation
 t - a scroll of magic mapping {unknown}
 E - 3 scrolls of enchant armour
 F - a scroll of silence {unknown}
 J - a scroll of identify
 K - 3 scrolls of fog
 N - 2 scrolls of summoning {unknown}
Potions
 g - 4 potions of curing
 j - a potion of invisibility
 n - 3 potions of lignification
 o - 2 potions of degeneration
 r - 3 potions of brilliance
 w - a potion of flight
 B - 2 potions of heal wounds
 D - a potion of agility
 M - a potion of mutation {unknown}
 S - a potion of cancellation {unknown}
Comestibles
 f - 5 rations


   Skills:
 + Level 6.2(11.2) Fighting
 + Level 8.1(13.1) Polearms
 * Level 13.0(18.0) Bows
 - Level 6.0(11.0) Throwing
 * Level 7.8(12.8) Armour
 - Level 1.3(6.3) Dodging
 + Level 1.0 Spellcasting
 - Level 2.9 Hexes
 * Level 5.3 Invocations
 + Level 0.1 Evocations


You had 11 spell levels left.
You knew the following spells:

 Your Spells              Type           Power        Failure   Level  Hunger
a - Corona                Hex            ##.....      54%         1    ##.....

Your spell library contained the following spells:

 Spells                   Type           Power        Failure   Level  Hunger
 Confusing Touch          Hex            ##....       54%         1    ##.....
 Slow                     Hex            ##......     67%         2    ###....
 Confuse                  Hex            ##......     88%         3    ####...
 Magic Dart               Conj           #...         91%         1    ##.....
 Searing Ray              Conj           #.....       97%         2    ###....
 Dazzling Flash           Conj/Hex       #.....       98%         3    ####...
 Inner Flame              Hex/Fire       #.......     98%         3    ####...
 Portal Projectile        Hex/Tloc       #.....       98%         3    ####...
 Gell's Gravitas          Tloc           #.........   99%         3    ####...
 Cause Fear               Hex            ##........   99%         4    #####..
 Fulminant Prism          Conj/Hex       #.........   100%        4    #####..
 Iskenderun's Mystic Bla  Conj/Tloc      #.......     100%        4    #####..
 Leda's Liquefaction      Hex/Erth       #.........   100%        4    #####..
 Petrify                  Tmut/Erth      #.......     100%        4    #####..
 Metabolic Englaciation   Hex/Ice        #.........   100%        5    ######.
 Yara's Violent Unravell  Hex/Tmut       #.........   100%        5    ######.


Dungeon Overview and Level Annotations

Branches:
Dungeon (12/15)            Temple (1/1) D:7            Lair (0/6) D:8
    Orc (0/2) D:10

Altars:
Ashenzari
Cheibriados
Gozag
Hepliaklqana
Kikubaaqudgha
Makhleb
Nemelex Xobeh
Okawaru
Qazlal
Ru
Sif Muna
Uskayaw
Vehumet
Zin
The Shining One
Beogh

Shops:
D:4 :   D:9 !   D:11 %

Portals:
Trove: D:11 (give +6 demon trident)

Annotations:
D:3 exclusion: downstairs
D:4 exclusion: downstairs
D:7 exclusion: 2 downstairs
D:9 exclusion: downstairs
D:11 exclusions: downstairs and orange crystal statue


Innate Abilities, Weirdness & Mutations

You have hooves in place of feet.
Armour fits poorly on your strangely shaped body.
You cover ground very quickly.
You have extremely tough skin. (AC +3)


Message History

The cyan ugly thing stings you but does no damage.
You barely miss the cyan ugly thing.
The cyan ugly thing is moderately wounded.
The cyan ugly thing stings you but does no damage.
You closely miss the cyan ugly thing.
The cyan ugly thing is moderately wounded.
The cyan ugly thing stings you! The cyan ugly thing shocks you!
* * * LOW HITPOINT WARNING * * *
You slash the cyan ugly thing! You burn the cyan ugly thing.
You kick the cyan ugly thing.
The cyan ugly thing is severely wounded.
You hit the cyan ugly thing. You burn the cyan ugly thing.
You kick the cyan ugly thing!
The cyan ugly thing is severely wounded.
The cyan ugly thing stings you but does no damage.
Your chain mail prevents you from hitting the cyan ugly thing.
You kick the cyan ugly thing!
The cyan ugly thing is almost dead.
The cyan ugly thing stings you!
You die...

#### .....
###############y.....
#........>.#.@uyy....
#..........'.##y.....
#.>........### .....
#..........# ....
#..........# ...
######'##### #'
##...# #..### #.##


You could see a cyan ugly thing and 4 vampire mosquitoes.

Vanquished Creatures
  Gastronok (D:8)
  Harold (D:7)
  A two-headed ogre (D:10)
  Nergalle (D:10)
  Pikel (D:4)
  An ugly thing (D:11)
  A cyclops (D:12)
  Joseph (D:7)
  3 trolls
  Prince Ribbit (D:9)
  A hippogriff (D:8)
  A water elemental (D:11)
  A spriggan (D:10)
  6 yaks (D:9)
  2 wyverns
  A steam dragon (D:8)
  A soldier ant (D:10)
  6 two-headed ogre zombies (D:11)
  3 water moccasins
  5 orc warriors
  3 porcupines
  2 ice beasts
  2 sky beasts
  2 slaves (D:4)
  7 black bears
  3 phantoms
  5 ogres
  5 centaurs
  A crocodile (D:8)
  2 gnoll sergeants
  7 bullfrogs
  3 scorpions
  4 killer bees
  6 wights (D:7)
  4 howler monkeys
  4 crimson imps
  2 jellies
  A quasit (D:6)
  3 bullfrog zombies
  A centaur zombie (D:5)
  3 hounds (D:9)
  6 orc priests
  A gnoll shaman (D:7)
  2 bullfrog skeletons
  5 orc wizards
  4 iguanas
  6 worker ants
  4 hound zombies
  A howler monkey zombie (D:5)
  A worker ant zombie (D:7)
  A howler monkey skeleton (D:9)
  22 gnolls
  11 adders
  2 shadow imps
  An ooze (D:3)
  An adder zombie (D:5)
  2 adder skeletons
  2 worms
  3 dart slugs
  4 leopard geckos
  41 orcs
  9 giant cockroaches
  8 goblins
  11 hobgoblins
  7 jackals
  10 kobolds
  6 quokkas
  A ball python (D:3)
  A ball python skeleton (D:5)
  9 bats
  A frilled lizard (D:1)
  2 jackal skeletons
  A leopard gecko skeleton (D:7)
  A quokka skeleton (D:5)
  8 rats
304 creatures vanquished.

Vanquished Creatures (others)
  A sky beast (D:5)
  22 fungi (D:8)
  5 plants (D:8)
28 creatures vanquished.

Grand Total: 332 creatures vanquished

Notes
Turn   | Place    | Note
-------+----------+-------------------------------------------
     0 | D:1      | xox the Centaur Arcane Marksman began the quest for the
                  | Orb.
     0 | D:1      | Reached XP level 1. HP: 16/16 MP: 2/2
   102 | D:1      | Reached skill level 3 in Bows
   102 | D:1      | Reached XP level 2. HP: 23/23 MP: 3/3
  1039 | D:1      | Reached XP level 3. HP: 17/28 MP: 4/4
  1566 | D:2      | Reached skill level 1 in Armour
  1730 | D:2      | Reached skill level 4 in Bows
  1756 | D:2      | Reached XP level 4. HP: 35/35 MP: 5/5
  2582 | D:2      | Found a snail-covered altar of Cheibriados.
  3164 | D:3      | Reached skill level 1 in Polearms
  3380 | D:3      | Reached XP level 5. HP: 37/41 MP: 6/6
  4145 | D:4      | Found a radiant altar of Vehumet.
  4240 | D:4      | Noticed a slave
  4241 | D:4      | Noticed a slave
  4241 | D:4      | Noticed a slave
  4242 | D:4      | Noticed Pikel
  4243 | D:4      | Noticed a slave
  4525 | D:4      | Noticed a phantom
  5227 | D:4      | Killed a slave
  5358 | D:3      | Reached skill level 5 in Bows
  5358 | D:3      | Reached skill level 1 in Throwing
  5782 | D:4      | Killed a slave
  6012 | D:4      | Reached XP level 6. HP: 36/48 MP: 7/7
  6360 | D:4      | Killed Pikel
  6360 | D:4      | Reached XP level 7. HP: 40/56 MP: 8/8
  6623 | D:4      | Found Ziavopua's Book Boutique.
  6762 | D:5      | Entered Level 5 of the Dungeon
  6861 | D:5      | Reached skill level 6 in Bows
  7139 | D:5      | Reached XP level 8. HP: 15/62 MP: 9/9
  7491 | D:5      | Reached skill level 5 in Throwing
  7698 | D:5      | Reached skill level 7 in Bows
  8025 | D:5      | Found a stormy altar of Qazlal.
  8930 | D:6      | Reached skill level 8 in Bows
  9349 | D:7      | Reached XP level 9. HP: 51/70 MP: 10/10
  9921 | D:7      | Noticed Joseph
  9946 | D:7      | Killed Joseph
  9946 | D:7      | Reached skill level 5 in Polearms
 10543 | D:7      | Found a staircase to the Ecumenical Temple.
 10566 | Temple   | Entered the Ecumenical Temple
 10635 | Temple   | Became a worshipper of Warmaster Okawaru
 10756 | D:7      | Reached skill level 9 in Bows
 10756 | D:7      | Reached skill level 5 in Armour
 11289 | D:8      | Noticed Harold
 11362 | D:8      | Reached * piety under Okawaru
 12304 | D:8      | Reached XP level 10. HP: 77/79 MP: 11/11
 12374 | D:8      | Noticed Gastronok
 12456 | D:7      | Reached skill level 1 in Invocations
 13264 | D:7      | Reached ** piety under Okawaru
 14046 | D:7      | Killed Harold
 14371 | D:8      | Killed Gastronok
 14371 | D:8      | Reached skill level 5 in Fighting
 14371 | D:8      | Reached skill level 10 in Bows
 14795 | D:8      | Found a staircase to the Lair.
 14979 | D:8      | Reached XP level 11. HP: 78/88 MP: 13/13
 15507 | D:9      | Found Yzufobr Keli's Distillery.
 15593 | D:9      | Bought a potion of heal wounds for 65 gold pieces
 15593 | D:9      | Bought a potion of heal wounds for 65 gold pieces
 15598 | D:9      | Noticed Prince Ribbit
 15619 | D:9      | Killed Prince Ribbit
 15791 | D:9      | Found a sparkling altar of Nemelex Xobeh.
 15803 | D:9      | Found a glowing golden altar of the Shining One.
 15886 | D:9      | Reached *** piety under Okawaru
 16442 | D:9      | Reached skill level 11 in Bows
 16442 | D:9      | Received a gift from Okawaru
 16929 | D:10     | Entered Level 10 of the Dungeon
 17045 | D:10     | Noticed a seven-headed hydra
 17045 | D:10     | Noticed Nergalle
 17832 | D:10     | Found a roughly hewn altar of Beogh.
 17835 | D:10     | Found a staircase to the Orcish Mines.
 18218 | D:10     | Reached **** piety under Okawaru
 18379 | D:10     | Killed Nergalle
 18379 | D:10     | Reached skill level 12 in Bows
 18558 | D:11     | Noticed a two-headed ogre
 18728 | D:10     | Killed a two-headed ogre
 18728 | D:10     | Received a gift from Okawaru
 18990 | D:11     | Found the +6 Majin-Bo {vamp, Archmagi MP+6 Int+6}
 19000 | D:11     | Noticed an orange crystal statue
 19063 | D:11     | Found a burning altar of Makhleb.
 19100 | D:11     | Found Peguo's Food Shop.
 19509 | D:11     | Noticed a cyan ugly thing
 19538 | D:11     | Killed a cyan ugly thing
 19538 | D:11     | Reached skill level 5 in Invocations
 19824 | D:11     | Found a portal to a secret trove of treasure.
 19969 | D:11     | Reached skill level 13 in Bows
 21000 | D:12     | Noticed a cyan ugly thing
 21020 | D:12     | Slain by a cyan ugly thing

Levels and vault maps discovered:
D:1:      kennysheep_arrival_seaside, layout_basic,
          hangedman_abyss_or_decor_lesser_grid, nrook_campfire
D:2:      wander_river, layout_basic, cheibriados_altar_1, first_ration,
          serial_co_window_serial, co_window_of_opportunity_a,
          co_window_of_opportunity_a, co_window_corner_a, co_window_paths_a,
          co_window_paths_b, co_window_corner_ca, co_window_of_opportunity_b,
          co_window_cross_2, co_window_paths_d, glass_columns_a, glass_columns_b
D:3:      minmay_chambers_of_threes, layout_loops_ring
D:4:      layout_gridville, vehumet_altar_wand_db, serial_shops,
          nicolae_shop_behind_doors, uniq_pikel
D:5:      layout_loops_ring, nicolae_qazlal_general_emergency
D:6:      layout_rooms
D:7:      minmay_skewed_foursquare, layout_basic, minmay_temple_entry_wispy,
          uniq_joseph
D:8:      layout_basic, due_lair_maze_entry_diamond, uniq_harold, uniq_gastronok
D:9:      layout_stronghold, amethyst_overflow_temple_binary, serial_shops,
          shop_statue, uniq_prince_ribbit1
D:10:     layout_irregular_city, david_orc_5, grunt_pizzeria, uniq_nergalle
D:11:     lemuel_ogre_cave, layout_basic, serial_shops, nicolae_shop_trees,
          nicolae_trove_entry_free_sample, minivault_15, bloody_makhleb
D:12:     layout_roguey [special_room_bee], st_stairs_4,
          minmay_sticks_and_stones, uniq_urug
Temple:   dpeg_five_rooms_temple

Skill      XL: |  1  2  3  4  5  6  7  8  9 10 11 |
---------------+----------------------------------+-----
Bows           | 3 4 5 6 8 9 10 13 | 13.0
Armour         | 1 2 3 4 5 7 |  7.8
Polearms       | 1 2 4 6 7 8 |  8.1
Fighting       | 2 3 4 5 6 |  6.2
Throwing       | 1 4 5 6 |  6.0
Invocations    | 3 5 |  5.3
Dodging        | |  1.3
Spellcasting   | |  1.0
Hexes          | |  2.9
Evocations     | |  0.1

Action                   |  1- 3 |  4- 6 |  7- 9 | 10-12 || total
-------------------------+-------+-------+-------+-------++-------
Melee: Dagger            |   112 |       |       |       ||   112
       Kick              |    20 |    16 |    78 |    69 ||   183
       Unarmed           |     1 |       |       |       ||     1
       Trident           |    14 |   175 |   168 |       ||   357
       Halberd           |       |       |   195 |   363 ||   558
 Fire: Shortbow          |    13 |    32 |    79 |   317 ||   441
Throw: Dart              |       |    72 |   113 |    87 ||   272
       Stone             |       |     2 |    57 |     3 ||    62
       Boomerang         |       |       |    33 |    14 ||    47
 Cast: Corona            |     2 |       |       |       ||     2
Invok: Heroism           |       |       |     1 |     7 ||     8
Evoke: Wand              |       |       |       |     3 ||     3
  Use: Potion            |       |       |       |     9 ||     9
       Scroll            |       |       |       |     7 ||     7
  Eat: Chunk             |     2 |     8 |    10 |    21 ||    41
       Ration            |       |     1 |     2 |     1 ||     4
Armor: Robe              |    50 |    15 |       |       ||    65
       Ring mail         |       |    55 |       |       ||    55
       Scale mail        |       |       |   166 |       ||   166
       Chain mail        |       |       |   222 |   371 ||   593
       Skin              |       |       |       |    11 ||    11
Dodge: Dodged            |    67 |    65 |    93 |    78 ||   303

Table legend:
 A = Non-vault XP
 B = Vault XP
 C = Vault XP percentage of total XP
 D = Non-vault monster count
 E = Vault monster count
 F = Vault count percentage of total count
                 A         B        C        D         E       F
            +---------+---------+-------+---------+---------+-------
      Total |   11861 |    9153 |  43.6 |     234 |      69 |  22.8
            +---------+---------+-------+---------+---------+-------
        D:1 |      45 |       0 |   0.0 |      22 |       0 |   0.0
        D:2 |     131 |       0 |   0.0 |      25 |       0 |   0.0
        D:3 |     110 |      20 |  15.4 |      19 |      12 |  38.7
        D:4 |     172 |     594 |  77.5 |       8 |       2 |  20.0
        D:5 |     846 |       0 |   0.0 |      24 |       0 |   0.0
        D:6 |     596 |       0 |   0.0 |      23 |       0 |   0.0
        D:7 |    1558 |    2484 |  61.5 |      38 |      12 |  24.0
        D:8 |    1717 |    2951 |  63.2 |      25 |       7 |  21.9
        D:9 |    2802 |     413 |  12.8 |      23 |       2 |   8.0
       D:10 |    2086 |    1479 |  41.5 |      11 |      24 |  68.6
       D:11 |    1249 |    1149 |  47.9 |      13 |       9 |  40.9
       D:12 |     549 |      63 |  10.3 |       3 |       1 |  25.0
            +---------+---------+-------+---------+---------+-------
